 Dungeon Crawl Stone Soup version 0.28.0 (webtiles) character file.

Game seed: 2348434033278169856

218 Ayyar the Covered (level 5, -5/34 HPs)
             Began as a Gargoyle Fighter on Apr 13, 2022.
             Killed from afar by Dowan (13 damage)
             ... with a stone arrow
             ... on level 4 of the Dungeon.
             The game lasted 00:05:06 (2701 turns).

Ayyar the Covered (Gargoyle Fighter)                Turns: 2701, Time: 00:05:07

Health: -5/34      AC: 11    Str: 22    XL:     5   Next: 95%
Magic:  5/5        EV:  9    Int:  8    God:
Gold:   110        SH:  4    Dex:  9    Spells: 4/4 levels left

rFire   . . .      SeeInvis +   a - +0 flail
rCold   . . .      Faith    .   c - +0 buckler
rNeg    + . .      Spirit   .   b - +0 scale mail
rPois   ∞          Reflect  .   (no helmet)
rElec   +          Harm     .   (no cloak)
rCorr   .          Rampage  .   (no gloves)
Will    .....                   (no boots)
Stlth   ..........              (no amulet)
HPRegen 0.11/turn               o - ring of see invisible
MPRegen 0.09/turn               (no ring)

@: mighty
A: sickness immunity, AC +4, negative energy resistance 1, electricity
resistance, torment resistance 1, petrification resistance
a: no special abilities


You were on level 4 of the Dungeon.
You visited 1 branch of the dungeon, and saw 4 of its levels.

You collected 110 gold pieces.

Inventory:

Hand Weapons
 a - a +0 flail (weapon)
Armour
 b - a +0 scale mail (worn)
 c - a +0 buckler (worn)
Jewellery
 o - a ring of see invisible (left hand)
Wands
 n - a wand of paralysis (7)
Scrolls
 e - a scroll of amnesia {unknown}
 f - 2 scrolls of vulnerability {unknown}
 h - a scroll of immolation {unknown}
 j - 4 scrolls of identify {unknown}
 k - 4 scrolls of teleportation {unknown}
Potions
 d - a potion of might
 g - a potion of brilliance {unknown}
 i - a potion of lignification {unknown}
 l - 2 potions of curing
 m - a potion of ambrosia {unknown}


   Skills:
 + Level 4.4 Fighting
 * Level 3.6 Maces & Flails
 + Level 4.4 Armour
 + Level 4.4 Shields


You had 4 spell levels left.
You didn't know any spells.
Your spell library contained the following spells:

 Spells                   Type           Power      Damage    Failure   Level
 Magic Dart               Conj           0%         1d3       82%         1
 Searing Ray              Conj           0%         2d4       91%         2
 Fulminant Prism          Conj/Hex       0%         3d6       100%        4


Dungeon Overview and Level Annotations

Branches:
Dungeon (4/15)
 Temple: D:4-7

Altars:

Annotations:
D:4 Dowan


Innate Abilities, Weirdness & Mutations

You are immune to sickness and miasma.
Your stone body is resilient. (AC +4)
You are immune to poison.
You resist negative energy. (rN+)
You are resistant to electric shocks. (rElec)
You are resistant to unholy torment.
You are immune to petrification.


Message History

You have reached level 5!
You hit the dart slug.
The dart slug is heavily wounded.
The dart slug closely misses you.
It was a potion of curing.
You feel better.
Dowan seems to find hidden reserves of power!
Dowan casts a spell.
Dowan blinks!
The dart slug launches a dart at you.
The slug dart hits you but does no damage.
You sock the dart slug!
You kill the dart slug!
Dowan hits you with a +0 dagger.
Things that are here:
a +3 short sword; a +0 leather armour; the elf corpse of Duvessa You miss Dowan.
Dowan completely misses you.
You hit Dowan.
Dowan is lightly wounded.
Dowan hits you but does no damage. x2
You barely miss Dowan.
Dowan is lightly wounded.
Dowan barely misses you.
Dowan points at you and mumbles some strange words.
The stone arrow hits you.
* * * LOW HITPOINT WARNING * * *
You sock Dowan!
Dowan is moderately wounded.
Dowan hits you but does no damage. x2
You closely miss Dowan.
Dowan is moderately wounded.
Dowan casts a spell.
Dowan blinks!
Dowan casts a spell.
Dowan blinks!
Dowan casts a spell.
Dowan blinks!
j - 4 scrolls labelled KEUVIOGEFAO (gained 1) Dowan casts a spell at you.
The stone arrow hits you!
You die...

#. #.............'...#.#
.. #............<###.#.#
.# #.###....#......#.#.#
#. ..(......#...#.#.# ..
......#..#####.#.#
...#########.#........#.#
........)....##########.#
#########...............#
....e..@.......#########
............##.#
.................
.............###.#
............... .#
########..#.#### # ......
#.#.#.## +...#.#


You could see Dowan (fast).

Vanquished Creatures
  Duvessa (D:4)
  7 adders
  2 dart slugs
  5 bats
  2 endoplasms
  2 giant cockroaches (D:1)
  6 hobgoblins
  2 kobolds
  A quokka (D:1)
  7 ball pythons
  4 frilled lizards
  7 goblins
  2 rats
48 creatures vanquished.

Notes
Turn   | Place    | Note
-------+----------+-------------------------------------------
     0 | D:1      | Ayyar the Gargoyle Fighter began the quest for the Orb.
     0 | D:1      | Reached XP level 1. HP: 14/14 MP: 1/1
    85 | D:1      | Reached XP level 2. HP: 17/19 MP: 2/2
  1018 | D:2      | Reached XP level 3. HP: 10/24 MP: 3/3
  1464 | D:3      | Reached XP level 4. HP: 24/29 MP: 4/4
  1553 | D:3      | Found a faded altar of an unknown god.
  2673 | D:4      | Noticed Duvessa
  2675 | D:4      | Noticed Dowan
  2685 | D:4      | Killed Duvessa
  2686 | D:4      | Reached XP level 5. HP: 5/34 MP: 5/5
  2701 | D:4      | Killed from afar by Dowan

Illustrated notes

Levels and vault maps discovered:
D:1:      minmay_arrival_shattered_statue, layout_basic, st_stairs_14
D:2:      layout_basic
D:3:      layout_loops_ring, nicolae_ecumenical_snake_handling
D:4:      layout_basic, uniq_duvessa

Skill      XL: |  1  2  3  4 |
---------------+-------------+-----
Fighting       | 4 |  4.4
Armour         | 4 |  4.4
Shields        | 4 |  4.4
Maces & Flails | 3 |  3.6

Action                   |  1- 3 |  4- 6 || total
-------------------------+-------+-------++-------
Melee: Flail             |   133 |    80 ||   213
  Use: Potion            |       |     2 ||     2
Armor: Scale mail        |   114 |    51 ||   165
Dodge: Dodged            |    96 |    24 ||   120
Block: Buckler           |    59 |    17 ||    76
